Map: Cerulean Fall LE

Players

DijiDiji - Winner!

  • Race: Terran Terran
  • League: Master
  • Spawn Location: 7:00

BoomTT

  • Race: Terran Terran
  • League: Master
  • Spawn Location: 1:00

VOD

Have the link to the VOD?

Description

Time

  • Played on: Dec. 31, 2018, 2:16 a.m.
  • Length: 9:59
Show
View Real Time Build Order
Export as new Build Order

DijiDiji Terran - Winner!

Build Orders: Gas First Reaper Expand 

Get SALT Encoding   

  12  0:00  SCV  
  13  0:12  SCV  
  14  0:17  Supply Depot  
  14  0:25  SCV  
  15  0:35  Refinery  
  15  0:38  SCV  
  16  0:44  Barracks  
  16  0:51  SCV  
  17  1:07  SCV  
  18  1:19  SCV  
  19  1:31  Orbital Command  
  19  1:32  Reaper  
  20  1:46  Command Center  
  20  1:57  SCV  
  21  2:04  Factory  
  21  2:09  SCV, Refinery  
  21  2:13  Barracks Reactor  
  22  2:21  SCV  
  23  2:37  Supply Depot  
  23  2:49  Starport  
  23  2:50  Factory Tech Lab  
  23  2:58  SCV, Marine x2  
  23  3:03  Orbital Command  
  26  3:09  Cyclone  
  26  3:11  SCV  
  30  3:17  Marine x2  
  32  3:26  SCV  
  32  3:29  SCV  
  32  3:35  Marine x2  
  32  3:38  SCV, Starport Tech Lab  
  35  3:45  Raven  
  38  3:48  SCV  
  38  3:51  Factory Tech Lab  
  38  3:54  Marine x2  
  40  3:57  SCV  
  40  4:01  Command Center  
  41  4:03  SCV  
  41  4:09  SCV  
  43  4:12  Supply Depot  
  43  4:13  Marine  
  43  4:16  Marine  
  45  4:23  SCV  
  46  4:27  Supply Depot  
  46  4:30  Barracks  
  46  4:31  Barracks  
  46  4:33  SCV  
  46  4:34  Marine  
  46  4:35  Marine  
  46  4:37  Starport Reactor  
  48  4:47  SCV  
  48  4:52  SCV  
  49  4:57  Siege Tank, Marine x2  
  54  5:05  SCV  
  55  5:07  SCV  
  55  5:12  Refinery  
  55  5:13  Refinery  
  56  5:16  Orbital Command  
  56  5:24  Engineering Bay  
  56  5:25  Engineering Bay  
  56  5:28  Marine x2  
  58  5:29  SCV  
  59  5:35  Stimpack  
  59  5:36  SCV  
  59  5:42  SCV x2  
  62  5:47  Siege Tank, Starport Reactor  
  62  5:48  Marine  
  66  5:53  SCV  
  66  5:54  SCV  
  66  5:55  Terran Infantry Weapons Level 1  
  68  5:59  SCV, Terran Infantry Armor Level 1  
  68  6:02  Marine x2  
  68  6:03  Marine  
  72  6:04  Marine  
  72  6:08  SCV x2  
  72  6:09  Marine  
  77  6:20  Marine  
  77  6:35  Orbital Command  
  77  6:43  Supply Depot, Medivac x2, Marine x2  
  77  6:44  Supply Depot, SCV x2  
  85  6:55  Armory  
  85  6:56  Supply Depot  
  85  6:58  Barracks x2  
  85  7:04  Marine x5  
  85  7:05  Supply Depot, SCV x3  
  85  7:06  Siege Tank  
  96  7:08  Supply Depot  
  96  7:11  Supply Depot  
  95  7:25  SCV  
  95  7:26  SCV x2, Marine x5  
  95  7:27  Medivac  
  95  7:29  Medivac  
  106  7:39  Siege Tank  
  106  7:44  Marine x2  
  109  7:46  Barracks Reactor x2, Combat Shield  
  107  7:54  Marine x3  
  107  7:58  SCV  
  111  8:01  SCV x2  
  111  8:02  Marine x2  
  115  8:13  Siege Tank, Marine  
  115  8:14  Marine x2  
  115  8:16  Medivac, SCV  
  115  8:17  SCV  
  118  8:31  Marine x4  
  122  8:40  SCV, Marine x5  
  128  8:41  Medivac  
  128  8:45  Siege Tank  
  128  8:46  Medivac  
  133  8:52  Marine  
  133  8:53  Marine x2  
  133  8:59  Supply Depot  
  133  9:00  Supply Depot  
  133  9:01  Supply Depot  
  133  9:03  Supply Depot x2  
  133  9:21  Siege Tank, Marine x5  
  133  9:22  Medivac x2, Marine x4  
  149  9:29  SCV x3  
  149  9:30  Refinery  
  149  9:31  Refinery  
  152  9:33  Factory  
  152  9:38  Marine x4  
  152  9:39  Marine x5  
Show
View Real Time Build Order
Export as new Build Order

BoomTT Terran 

Build Orders: 1/1/1, Liberator Opening 

Get SALT Encoding   

  12  0:01  SCV  
  13  0:15  SCV  
  13  0:18  Supply Depot  
  14  0:27  SCV  
  15  0:40  Refinery  
  15  0:42  SCV, Refinery  
  16  0:53  Barracks  
  16  0:57  SCV  
  17  1:09  SCV  
  18  1:21  SCV  
  19  1:33  SCV  
  20  1:40  Reaper  
  20  1:44  Factory  
  20  1:46  Orbital Command  
  21  1:56  Supply Depot  
  21  2:11  SCV  
  21  2:13  Reaper  
  22  2:24  SCV  
  22  2:29  Hellion, Starport  
  25  2:38  SCV  
  26  2:49  Barracks Tech Lab  
  26  2:55  SCV, Liberator  
  27  3:04  Command Center  
  30  3:14  SCV  
  30  3:30  SCV  
  28  3:34  Marine  
  28  3:35  Stimpack  
  29  3:42  SCV  
  30  3:48  Factory Tech Lab  
  30  3:49  Barracks  
  31  3:55  SCV  
  31  4:00  Starport Tech Lab  
  31  4:12  Supply Depot  
  31  4:14  Factory Tech Lab  
  31  4:15  Raven, SCV  
  31  4:17  Orbital Command  
  34  4:22  Marine  
  35  4:27  SCV  
  36  4:34  Siege Tank  
  36  4:35  Barracks  
  39  4:38  Barracks Reactor  
  39  4:42  SCV  
  39  4:44  SCV  
  41  4:46  Marine  
  42  4:53  Cloaking Field  
  42  4:54  SCV  
  42  4:57  SCV  
  42  4:58  Banshee  
  44  5:03  Supply Depot  
  44  5:04  Marine  
  45  5:07  SCV  
  46  5:22  Siege Tank, Marine  
  46  5:23  Barracks Reactor  
  50  5:28  SCV  
  50  5:29  SCV  
  50  5:31  Refinery x2  
  50  5:33  Command Center  
  52  5:39  Barracks Reactor  
  52  5:40  SCV, Marine  
  54  5:52  SCV  
  55  5:57  Engineering Bay  
  55  5:59  Engineering Bay  
  55  6:00  Marine x2  
  55  6:01  Marine  
  58  6:04  SCV, Barracks  
  60  6:12  Combat Shield  
  60  6:16  SCV  
  60  6:18  SCV  
  61  6:19  Marine  
  61  6:21  Starport Reactor  
  62  6:27  Supply Depot  
  62  6:37  Marine x3  
  62  6:41  Terran Infantry Armor Level 1, Terran Infantry Weapons Level 1  
  62  6:45  SCV, Marine x2  
  65  6:47  Supply Depot  
  65  6:53  Barracks Reactor  
  65  6:55  Marine  
  65  6:56  SCV  
  65  6:57  SCV, Factory  
  65  6:58  Marine x2  
  65  7:01  Medivac  
  72  7:04  Medivac  
  72  7:05  Marine  
  74  7:26  Marine x3  
  74  7:27  Marine x2  
  77  7:44  Marine  
  69  7:52  Marine  
  69  7:53  Marine x2  
  69  7:57  Marine x3  
  69  7:58  Siege Tank  
  76  8:02  Marine  
  77  8:10  Marine  
  77  8:11  Marine x2  
  80  8:14  Marine  
  80  8:15  Marine x2  
  69  8:28  Marine  
  69  8:29  Marine x3  
  69  8:30  Siege Tank  
  69  8:32  Marine x2  
  69  8:33  Marine  
  78  8:39  Barracks  
  78  8:44  Armory  
  78  8:46  Marine  
  78  8:47  Marine x3  
  71  9:00  Marine  
  66  9:03  Hellion  
  66  9:04  Marine x2  
  67  9:17  Marine  
  64  9:27  Cyclone, Barracks  
  64  9:28  Barracks  
Tags
 
Add a new tag
Caveats
  • Supply blocks, unpowered buildings, or Contaminate may cause inaccurate times.
  • Supply counts are checked every 10 seconds.